 Dungeon Crawl Stone Soup version bcrawl-1.39.1 (webtiles) character file.

Game seed: 11821502958760772134

11008152 Grijm the Slayer (level 25, 251/251 HPs)
             Began as a Yellow Draconian Monk on Sept 26, 2023.
             Was the Champion of Ru.
             Escaped with the Orb
             ... and 4 runes on Sept 27, 2023!
             The game lasted 07:06:28 (103003 turns).

Grijm the Slayer (Yellow Draconian Monk)          Turns: 103003, Time: 07:06:28

Health: 251/251    AC: 17    Str: 23    XL:     25
Magic:  28/28      EV: 24    Int: 17    God:    Ru [******]
Gold:   5232       SH:  5    Dex: 13    Spells: 24/24 levels left

rFire    + + +     GDR:     25% a - +7 lajatang of Order {silver, rMut}
rCold    + . .     SeeInvis +   (shield currently unavailable)
rNeg     + . .     Gourm    .   (armour unavailable)
rPois    .         Faith    .   b - +0 hat of the Eleven Emperors {rN+ SInv}
rElec    +         Spirit   .   T - -1 cloak of Inevitability {+Inv rF++ rCorr Str-4}
rCorr    +         Reflect  +   G - +2 pair of gloves
rMut     +         Rnd*Rage +   r - +1 pair of boots of Ruympiy {rCorr}
MR       ++...                  Q - amulet "Gicic" {Reflect rC+ Str+6 Dex-3 SH+5}
Stlth    ++........             c - ring of insulation
HPRegen  0.51/turn              Z - ring "Luigamal" {rF+ MR+ Int+6, =R}
MPRegen  0.21/turn

@: lightly drained
A: spit acid, acid resistance, unfitting armour, big wings, berserk 1, low mp 1,
weak 1, acidic bite, cold-blooded, subdued magic 2, no charms magic, no hexes
magic, no ice magic, unskilled 1, inexperienced 1, missing an eye, AC +12
0: Orb of Zot
}: 4/15 runes: decaying, serpentine, slimy, silver
a: Breathe Acid, Fly, Draw Out Power, Power Leap, Apocalypse, Renounce Religion,
Evoke Invisibility


You escaped.
You worshipped Ru.
Ru was exalted by your worship.
You were full.

You visited 12 branches of the dungeon, and saw 49 of its levels.
You also visited: Ice Cave and Volcano.

You collected 7275 gold pieces.
You spent 2043 gold pieces at shops.

Inventory:

Hand Weapons
 a - the +7 lajatang of Order (weapon) {silver, rMut}
   (You found it on level 1 of the Depths)

   It protects you from mutation.
 d - the +16 sapphire dagger {flash freeze, rF- rC++ MR+}
   (You found it on level 6 of the Dungeon)

   It has been specially enchanted to freeze those struck by it, increasing
   damage dealt by approximately one third against foes not resistant or
   susceptible to cold, and potentially slowing cold-blooded foes.
   It makes you vulnerable to fire.
   It greatly protects you from cold.
   It affects your resistance to hostile enchantments.
 q - the +9 rapier "Cookie Cutter" {holy, SInv}
   (You took it off a spriggan air mage on level 3 of the Spriggan Forest)

   It has been blessed by the Shining One to cause great damage to the undead
   and demons.
   It lets you see invisible.
 s - a +9 arbalest of velocity
Missiles
 u - 4560 bolts
 E - 6 throwing nets {=f}
Armour
 b - the +0 hat of the Eleven Emperors (worn) {rN+ SInv}
   (You acquired it on level 11 of the Dungeon)

   It protects you from negative energy.
   It lets you see invisible.
 r - the +1 pair of boots of Ruympiy (worn) {rCorr}
   (You found it on level 2 of the Crypt)

   It provides partial protection from all sources of acid and corrosion.
 G - a +2 pair of gloves (worn)
 T - the -1 cloak of Inevitability (worn) {+Inv rF++ rCorr Str-4}
   (You acquired it on level 11 of the Dungeon)

   It affects your strength (-4).
   It greatly protects you from fire.
   It lets you turn invisible.
   It provides partial protection from all sources of acid and corrosion.
Jewellery
 c - a ring of insulation (left hand)
 h - the ring "Zaf Biep" {rPois rN+ Int-5 Dex+4 Stlth++}
   (You bought it in a shop in the Orcish Mines)

   [ring of stealth]

   It affects your intelligence (-5).
   It affects your dexterity (+4).
   It protects you from poison.
   It protects you from negative energy.
   It makes you much more stealthy.
 L - the ring of Midsummer {rF+ rN+ Dex+3 SInv Stlth+}
   (You found it on level 5 of the Pits of Slime)

   [ring of protection from fire]

   It affects your dexterity (+3).
   It protects you from fire.
   It protects you from negative energy.
   It lets you see invisible.
   It makes you more stealthy.
 Q - the amulet "Gicic" (around neck) {Reflect rC+ Str+6 Dex-3 SH+5}
   (You acquired it on level 11 of the Dungeon)

   [amulet of reflection]

   It shields you and reflects attacks.
   It affects your strength (+6).
   It affects your dexterity (-3).
   It protects you from cold.
   It affects your SH (+5).
 X - the ring "Umi Zein" {+Fly rC+}
   (You took it off a spriggan on level 2 of the Spriggan Forest)

   [ring of flight]

   It protects you from cold.
   It lets you fly.
 Z - the ring "Luigamal" (right hand) {rF+ MR+ Int+6, =R}
   (You bought it in a shop on level 3 of the Snake Pit)

   [ring of protection from magic]

   It affects your intelligence (+6).
   It protects you from fire.
   It affects your resistance to hostile enchantments.
Wands
 t - a wand of acid (11)
 F - a wand of clouds (10)
 K - a wand of digging (45)
 P - a wand of iceblast (51)
 V - a wand of paralysis (24)
 Y - a wand of charming (5)
Scrolls
 i - 3 scrolls of summoning
 j - 9 scrolls of noise
 n - 7 scrolls of fear
 o - 4 scrolls of immolation
 z - 2 scrolls of blinking
 A - 5 scrolls of teleportation
 D - 2 scrolls of fog
 J - 2 scrolls of torment
 M - 2 scrolls of silence
 N - a scroll of revelation
Potions
 k - a potion of haste
 l - 10 potions of mutation
 m - 3 potions of heal wounds
 w - 2 potions of agility
 x - 9 potions of flight
 y - 2 potions of might
 B - 7 potions of curing
 C - 7 potions of lignification
 H - 9 potions of resistance
 O - a potion of magic
 R - 4 potions of berserk rage
 U - 4 potions of ambrosia
Miscellaneous
 g - a phantom mirror
 p - a box of beasts
 v - a phial of floods (inert)
 I - a lightning rod (4/4)
 S - a lamp of fire
 W - a fan of gales (inert)
Comestibles
 e - 9 rations {!d}


   Skills:
 + Level 25.7(24.9) Fighting
 - Level 14.0(13.4) Short Blades
   Level 8.7(12.4) Polearms
 - Level 15.2(15.3) Staves
   Level 2.0(1.5) Slings
 - Level 18.0(17.3) Crossbows
 + Level 21.6(20.9) Dodging
 - Level 15.0(14.3) Stealth
   Level 2.0(1.5) Invocations
 - Level 12.0(11.3) Evocations


You had 24 spell levels left.
You didn't know any spells.
Your spell library contained the following spells:

 Spells                   Type           Power        Failure   Level  Hunger
 Apportation              Tloc           #.....       17%         1    None
 Beastly Appendage        Tmut           #.....       17%         1    None
 Magic Dart               Conj           #...         17%         1    None
 Necrotize                Necr           #.....       17%         1    None
 Sandblast                Erth           #.....       17%         1    None
 Static Discharge         Air            #.....       17%         1    None
 Sting                    Conj/Pois      #...         17%         1    None
 Summon Butterflies       Summ           #.......     17%         1    None
 Summon Small Mammal      Summ           #...         17%         1    None
 Blink                    Tloc           N/A          26%         2    ####...
 Call Imp                 Summ           #.....       26%         2    ####...
 Corpse Rot               Necr           N/A          26%         2    ####...
 Passwall                 Tmut/Erth      #.......     26%         2    ####...
 Poisonous Vapours        Pois/Air       #.....       26%         2    ####...
 Shock                    Conj/Air       #......      26%         2    ####...
 Sticks to Snakes         Tmut           #.......     26%         2    ####...
 Sublimation of Blood     Necr           #.........   26%         2    ####...
 Beckoning                Tloc           #.........   47%         3    #####..
 Call Canine Familiar     Summ           #.......     47%         3    #####..
 Conjure Flame            Conj/Fire      #.......     47%         3    #####..
 Ignite Poison            Fire/Tmut/Pois #.......     47%         3    #####..
 Mephitic Cloud           Conj/Pois/Air  #.......     47%         3    #####..
 Portal Projectile        Tloc           #.....       47%         3    #####..
 Recall                   Summ/Tloc      N/A          47%         3    #####..
 Spider Form              Tmut/Pois      #..          47%         3    #####..
 Stone Arrow              Conj/Erth      #.....       47%         3    #####..
 Vampiric Draining        Necr           #.........   47%         3    #####..
 Agony                    Necr           #.......     89%         4    ######.
 Animate Dead             Necr           N/A          89%         4    ######.
 Force Lance              Tloc           #.......     89%         4    ######.
 Lightning Bolt           Conj/Air       #.......     89%         4    ######.
 Petrify                  Tmut/Erth      #.........   89%         4    ######.
 Summon Scorpions         Summ/Pois      #.......     89%         4    ######.
 Blade Hands              Tmut           #.........   99%         5    #######
 Bolt of Draining         Conj/Necr      #.........   99%         5    #######
 Bolt of Magma            Conj/Fire/Erth #.........   99%         5    #######
 Dispel Undead            Necr           #.......     99%         5    #######
 Fireball                 Conj/Fire      #.........   99%         5    #######
 Lee's Rapid Deconstruct  Erth           #.........   99%         5    #######
 Summon Demon             Summ           #.........   99%         5    #######
 Summon Forest            Summ/Tloc      #.........   99%         5    #######
 Summon Lightning Spire   Summ/Air       #.......     99%         5    #######
 Aura of Abjuration       Summ           #.........   100%        6    #######
 Bolt of Fire             Conj/Fire      #.........   100%        6    #######
 Borgnjor's Vile Clutch   Necr/Erth      #.........   100%        6    #######
 Conjure Ball Lightning   Conj/Air       #.........   100%        6    #######
 Dispersal                Tloc           #.........   100%        6    #######
 Poison Arrow             Conj/Pois      #.........   100%        6    #######
 Summon Hydra             Summ           #.........   100%        6    #######
 Controlled Blink         Tloc           #.......     100%        7    #######
 Dragon Form              Tmut           #......      100%        7    #######
 Monstrous Menagerie      Summ           #.........   100%        7    #######
 Shadow Creatures         Summ           N/A          100%        7    #######
 Chain Lightning          Conj/Air       #.........   100%        8    #######
 Ignition                 Fire           #.........   100%        8    #######
 Necromutation            Tmut/Necr      #.......     100%        8    #######
 Dragon's Call            Summ           #.........   100%        9    #######
 Fire Storm               Conj/Fire      #.........   100%        9    #######
 Corona                   Hex            Unusable     N/A         1    N/A
 Freeze                   Ice            Unusable     N/A         1    N/A
 Infusion                 Chrm           Unusable     N/A         1    N/A
 Slow                     Hex            Unusable     N/A         1    N/A
 Ensorcelled Hibernation  Hex/Ice        Unusable     N/A         2    N/A
 Shackle                  Hex            Unusable     N/A         2    N/A
 Swiftness                Chrm/Air       Unusable     N/A         2    N/A
 Confuse                  Hex            Unusable     N/A         3    N/A
 Dazzling Orbs            Conj/Hex       Unusable     N/A         3    N/A
 False Image              Hex/Summ       Unusable     N/A         3    N/A
 Inner Flame              Hex/Fire       Unusable     N/A         3    N/A
 Regeneration             Chrm/Necr      Unusable     N/A         3    N/A
 Cause Fear               Hex            Unusable     N/A         4    N/A
 Ice Form                 Ice/Tmut       Unusable     N/A         4    N/A
 Summon Ice Beast         Ice/Summ       Unusable     N/A         4    N/A
 Tree Form                Hex/Tmut       Unusable     N/A         4    N/A
 Yara's Violent Unravell  Hex/Tmut       Unusable     N/A         4    N/A
 Freezing Cloud           Ice/Air        Unusable     N/A         5    N/A
 Iskenderun's Battlesphe  Conj/Chrm      Unusable     N/A         5    N/A
 Passage of Golubria      Tloc           Unusable     N/A         5    N/A
 Piercing Shot            Chrm           Unusable     N/A         5    N/A
 Silence                  Hex/Air        Unusable     N/A         5    N/A
 Steam Barrier            Chrm/Fire      Unusable     N/A         5    N/A
 Summon Mana Viper        Hex/Summ       Unusable     N/A         5    N/A
 Bolt of Cold             Conj/Ice       Unusable     N/A         6    N/A
 Darkness                 Hex            Unusable     N/A         6    N/A
 Invisibility             Hex            Unusable     N/A         6    N/A
 Ozocubu's Refrigeration  Ice            Unusable     N/A         6    N/A
 Simulacrum               Ice/Necr       Unusable     N/A         6    N/A
 Death's Door             Chrm/Necr      Unusable     N/A         8    N/A
 Time Stop                Chrm/Tloc      Unusable     N/A         8    N/A

Dungeon Overview and Level Annotations

Branches:
Dungeon (12/12)            Temple (1/1) D:6            Lair (6/6) D:8
  Swamp (3/3) Lair:4        Snake (3/3) Lair:4        Slime (5/5) Orc
    Orc (1/1) D:11         Vaults (3/3) D:12         Forest (3/3) Lair:6
  Crypt (2/2) Vaults:2       Tomb (0/3) Crypt:2      Depths (5/5) D:12
    Zot (5/5) Depths:5

Altars:
Ashenzari
Cheibriados
Dithmenos
Elyvilon
Fedhas
Gozag
Hepliaklqana
Kikubaaqudgha
Lugonu
Makhleb
Nemelex Xobeh
Okawaru
Qazlal
Ru
Sif Muna
Trog
Uskayaw
Vehumet
Wu Jian
Xom
Yredelemnul
Zin
The Shining One
Jiyva

Shops:
D:6 *   D:10 !   D:11 *([   Orc [=[*(   Snake:3 =}=   Vaults:1 [   Vaults:2 (
Vaults:3 *

Portals:
Hell: Depths:1 Depths:2 Depths:3 Depths:4 Depths:5
Abyss: Depths:2 Depths:4
Pandemonium: Depths:1 Depths:2 Depths:3
Ziggurat: Depths:4
Trove: D:12 (give 2 scrolls of acquirement)

Annotations:
Lair:6 exclusion: obsidian statue
Swamp:3 1 runed translucent door, yrara's ghost, adept DsFi
Snake:3 3 runed translucent doors, zoran's ghost, adept DsTm
Vaults:2 exclusion: door
Crypt:2 1 runed translucent door, yrara's ghost, veteran DsFi
Depths:4 2 transporters


Innate Abilities, Weirdness & Mutations

You can spit globs of acid.
You are resistant to acid.
Your golden yellow scales are hard. (AC +12)
You cannot fit into any form of body armour.
You are weak. (Str -2)
You have acidic saliva.
You are cold-blooded and may be slowed by cold attacks.
You cannot study or cast Charms magic.
You cannot study or cast Hexes magic.
You cannot study or cast Ice magic.
You are somewhat unskilled. (-1 Apt)
You are somewhat inexperienced. (-2 XL)
You are missing an eye, making it more difficult to aim.
Your large and strong wings let you fly indefinitely.
You tend to lose your temper in combat.
Your magical capacity is low. (-10% MP)
Your spells are easier to cast, but less powerful.


Message History

Aiming: Dig
Press: ? - help, Shift-Dir - straight line This square is covered in magical glow.
The rock shatters into small pieces.
The soul eater closely misses you.
Your surroundings suddenly seem different.
There is a stone staircase leading up here.
You climb upwards.
There is a stone staircase leading down here.
(D) Dungeon (T) Temple (L) Lair (S) Swamp (P) Snake Pit (M) Slime Pits (O) Orcish Mines (V) Vaults (F) Spriggan Forest (C) Crypt (W) Tomb (U) Depths (H) Hell (Z) Zot
Where to? (Enter - D:1 @ (x,y), ? - help)
What level of the Dungeon? (default 1, ? - help)
You see here a +0 dagger.
You see here a +0 club.
There is an open door here.
There is a staircase leading out of the dungeon here.
The power of the Orb breaks the dimensional shunt like a soap bubble!
You have escaped!

##.#######.####.#
##)##.........#.#
##.##.####.##.#.#
#..).......##.#.###
#..###.######.#...##
#...#....# #...#..#
##..#..#.# ####...#
##.)...#.#### #'#.#
##[###.#....# #@#.#
....##.####.# #+#.#
....##.####.# #...#
....##....#.#########
....#####.#.........#
.#.## #.#######.###
.#.# #.........# .#.#
########### ...#


There were no monsters in sight!

Vanquished Creatures
  the Royal Jelly (Slime:5)
  2 juggernauts (Vaults:3)
  Tiamat (Zot:1)
  8 orbs of fire (Zot:5)
  Mennas (Depths:4)
  Mara (Depths:1)
  6 ancient liches (Zot:5)
  7 Killer Klowns
  8 golden dragons
  A curse toe (Crypt:2)
  Vashnia (Snake:2)
  5 caustic shrikes (Depths:2)
  A rockslime (Zot:1)
  Zenata (Vaults:2)
  Jory (Depths:4)
  4 Orb Demons
  A bone dragon (Crypt:1)
  Frances (Swamp:1)
  4 electric golems (Zot:5)
  Jorgrun (Orc)
  30 Orb Guardians
  Rupert (Lair:6)
  15 tentacled monstrosities
  5 wendigos
  3 quicksilver dragons
  2 liches
  2 titans
  19 acid blobs
  An Ice Fiend (IceCv)
  6 ancient champions
  2 sphinxes (Vaults:3)
  3 thorn hunters
  2 Executioners
  11 death cobs
  8 draconian monks
  Agnes (Snake:1)
  4 ghouls
  5 revenants
  6 nagarajas
  Donald (Snake:1)
  5 tengu reavers
  10 shadow dragons
  A greenwood witch (Forest:3)
  Kirke (Snake:2)
  14 azure jellies
  13 storm dragons
  2 iron dragons
  3 frost giants
  2 balrugs
  6 war gargoyles
  7 apis
  A deep elf sorcerer (Vaults:1)
  9 draconian knights
  8 fire giants
  3 ghost moths
  An orc warlord (Orc)
  Aizul (Snake:3)
  7 vault wardens
  6 draconian shifters
  3 curse skulls
  3 draconian stormcallers
  13 spriggan defenders
  16 stone giants
  9 jiangshi
  7 very ugly things
  7 draconian scorchers
  4 draconian annihilators
  An eye of devastation (Zot:3)
  16 ironheart preservers
  A reaper (D:12)
  13 green draconians
  3 elemental wellsprings
  4 vampire knights
  13 black draconians
  A deep elf demonologist (Depths:1)
  17 dire elephants
  19 yellow draconians
  A deep elf annihilator (Depths:1)
  15 purple draconians
  12 white draconians
  A spark wasp (shapeshifter) (Vaults:3)
  14 red draconians
  A blizzard demon (Depths:1)
  Azrael (D:12)
  4 eidola (Crypt:1)
  16 ettins
  2 deep elf death magi
  4 spark wasps
  2 mummy priests (Crypt:2)
  7 fire dragons
  9 yaktaur captains
  17 vault guards
  Josephine (Lair:5)
  16 naga warriors
  8 shambling mangroves
  25 hydras
  5 ice dragons
  A catoblepas (Lair:6)
  6 ogre magi
  8 rakshasas
  A ghost crab (Swamp:1)
  13 spriggan air magi
  A quicksilver dragon skeleton (Crypt:2)
  6 death knights
  4 shadow wraiths
  2 anacondas (shapeshifter) (Vaults:3)
  4 anacondas
  5 great orbs of eyes
  Sonja (D:11)
  9 alligators
  3 satyrs
  11 death yaks
  3 dancing weapons
  20 two-headed ogres
  8 death oozes
  8 deep troll shamans
  5 vampire magi
  2 deep troll earth magi
  7 ancient automatons
  3 shock serpents
  5 tengu warriors
  4 ironheart beastmasters
  10 naga sharpshooters
  A spectral dire elephant (Lair:6)
  3 orc high priests (Orc)
  A storm dragon zombie (Vaults:3)
  7 sun demons
  A titan skeleton (Vaults:3)
  18 spriggan berserkers
  3 deep elf knights
  23 deep trolls
  A deep troll (shapeshifter) (Depths:3)
  2 fire crabs
  A hell knight (Vaults:3)
  28 centaur warriors
  An iron troll (Depths:1)
  A spectral anaconda (Lair:6)
  15 skeletal warriors
  6 flayed ghosts
  A death drake (Swamp:3)
  An infernal demonspawn (Depths:4)
  12 spriggan druids
  8 swamp dragons
  A gelid demonspawn (Depths:2)
  2 naga ritualists (Snake:2)
  2 deep elf archers (Vaults:2)
  3 glowing orange brains
  14 ironheart convokers
  An unseen horror (D:11)
  3 wolf spider zombies
  A glowing orange brain (shapeshifter) (Depths:1)
  5 lindwurms
  11 wizards
  A cyclops (D:11)
  9 necromancers
  11 phantasmal warriors
  Pikel (D:6)
  A wolf spider (Lair:6)
  2 orc knights (Orc)
  A frost giant zombie (Crypt:1)
  A human zombie (Vaults:2)
  15 deep elf magi
  A mana viper (Snake:1)
  3 orc sorcerers (Orc)
  A shadow dragon skeleton (Crypt:2)
  12 elephants
  A manticore (D:11)
  8 shining eyes
  A sea snake zombie (Crypt:2)
  A stone giant skeleton (Vaults:2)
  An elephant (shapeshifter) (D:12)
  3 salamanders
  19 moths of wrath
  26 ugly things
  30 black mambas
  10 will-o'-wisps
  A fire giant skeleton (Crypt:2)
  22 naga magi
  An iron dragon skeleton (Crypt:2)
  4 ice statues (IceCv)
  A cane toad (shapeshifter) (D:12)
  An orange demon (D:2)
  2 dire elephant zombies
  A frost giant skeleton (Crypt:2)
  A water nymph (Forest:2)
  18 cane toads
  11 vault sentinels
  2 molten gargoyles (Volcano)
  3 guardian serpents
  A smoke demon (Depths:2)
  A storm dragon simulacrum (Vaults:2)
  2 dire elephant skeletons (Lair:6)
  A komodo dragon (shapeshifter) (Depths:4)
  A hellion (Depths:2)
  A yaktaur (shapeshifter) (Vaults:2)
  6 flying skulls (Crypt:1)
  19 yaktaurs
  4 komodo dragons
  A pale draconian zombie (Crypt:2)
  4 kobold demonologists (D:12)
  2 dryads
  9 freezing wraiths
  A rime drake (Lair:2)
  An anaconda simulacrum (IceCv)
  An eye of draining (D:11)
  2 red draconian skeletons (Crypt:1)
  4 guardian mummies
  8 trolls
  11 ice devils (IceCv)
  2 hellwings
  2 red devils (D:12)
  3 tengu conjurers (Depths:3)
  A harpy zombie (D:10)
  A large abomination (Zot:1)
  A merfolk (D:10)
  3 meliai (D:12)
  A meliai (shapeshifter) (Depths:1)
  A polar bear (Lair:2)
  A sphinx simulacrum (Vaults:3)
  A troll (shapeshifter) (Depths:1)
  7 tyrant leeches
  13 hippogriffs
  An ice dragon zombie (Crypt:1)
  3 bog bodies
  58 hornets
  11 blink frogs
  4 harpy skeletons
  A dream sheep (shapeshifter) (Depths:5)
  156 slime creatures
  4 spectral elephants (Lair:6)
  A raiju (shapeshifter) (Depths:2)
  A meliai zombie (D:10)
  2 fire dragon zombies (Crypt:2)
  48 spriggans
  17 water elementals
  4 hogs (Snake:2)
  35 yaks
  4 fire bats
  7 wraiths
  A tarantella (shapeshifter) (D:12)
  A vampire (D:9)
  4 dire elephant simulacra (IceCv)
  4 fire elementals (D:12)
  5 ushabtiu (Crypt:2)
  2 golden eyes (Slime:5)
  4 steam dragons
  A basilisk (Lair:2)
  A hog (shapeshifter) (D:10)
  2 hungry ghosts
  A chaos spawn (D:2)
  8 vampire mosquitoes
  A yaktaur simulacrum (Vaults:3)
  3 wargs (Orc)
  18 crocodiles
  4 harpy simulacra (IceCv)
  A monstrous demonspawn zombie (Crypt:1)
  28 nagas
  11 swamp worms
  A faun zombie (Crypt:2)
  2 acid dragons
  5 porcupines
  11 water moccasins
  6 hell hounds
  23 orc warriors
  A swamp drake (shapeshifter) (Depths:1)
  A water nymph skeleton (Crypt:1)
  3 black bears (shapeshifter)
  A manticore zombie (Crypt:2)
  An ice beast (D:9)
  A slave (D:6)
  2 hornet zombies
  A snapping turtle zombie (Crypt:2)
  12 swamp drakes
  An ettin simulacrum (IceCv)
  2 sky beasts
  2 black bears
  18 boggarts
  16 ogres
  2 necrophages
  A phantom (D:6)
  4 elephant zombies (Lair:6)
  A manticore skeleton (Crypt:1)
  A swamp dragon zombie (Crypt:2)
  10 wolves
  2 elephant skeletons (Lair:6)
  19 bullfrogs
  6 kobold brigands
  A salamander zombie (Crypt:1)
  A gnoll sergeant (D:7)
  A deep troll simulacrum (Vaults:2)
  2 elf skeletons
  A human skeleton (Vaults:2)
  11 centaurs
  A water moccasin skeleton (D:10)
  A troll zombie (Crypt:1)
  4 scorpions
  An elephant simulacrum (Lair:6)
  5 killer bees (D:8)
  A statue (D:8)
  A raiju skeleton (Crypt:2)
  6 wights
  2 electric eels
  9 orc priests
  A howler monkey (D:3)
  7 crimson imps
  A bullfrog zombie (D:7)
  A jelly (D:10)
  5 lava snakes
  5 hounds
  14 orc wizards
  A gnoll shaman (D:8)
  A bullfrog skeleton (D:6)
  A black bear skeleton (Crypt:1)
  2 iguanas
  Terence (D:3)
  9 worker ants
  4 hell rats (Lair:4)
  A sky beast zombie (Crypt:2)
  2 hound zombies
  A mummy (D:8)
  2 hound skeletons
  4 worker ant zombies
  A howler monkey zombie (Crypt:2)
  A scorpion zombie (Crypt:2)
  11 gnolls
  14 adders
  A swamp drake skeleton (Crypt:2)
  3 shadow imps
  A white imp (Depths:3)
  An ufetubus (Depths:1)
  2 oozes
  An adder zombie (D:6)
  3 adder skeletons
  A barachi skeleton (Crypt:1)
  2 dart slugs
  A leopard gecko (D:2)
  64 orcs
  A ball python (D:1)
  2 giant cockroaches (D:2)
  10 hobgoblins
  10 jackals
  5 quokkas
  A river rat zombie (Crypt:2)
  3 bats
  A frilled lizard (D:1)
  4 goblins
  23 kobolds
  A kobold zombie (Crypt:1)
  An orc zombie (Crypt:1)
  2 quokka skeletons (D:4)
  2 rats (D:3)
  5 fungi (Orc)
  A plant (Forest:2)
2168 creatures vanquished.

Vanquished Creatures (collateral kills)
  An ancient lich (Zot:5)
  A draconian annihilator (Zot:5)
  A green draconian (Zot:1)
  A moth of wrath (Zot:1)
4 creatures vanquished.

Vanquished Creatures (others)
  A Killer Klown (Depths:2)
  A tentacled monstrosity (Zot:1)
  An Orb Guardian (Zot:1)
  A lich (Depths:1)
  4 acid blobs (Slime:5)
  An ancient champion (Crypt:1)
  A ghoul (Crypt:1)
  2 draconian monks (Zot:1)
  A fire giant (Depths:2)
  A frost giant (Vaults:3)
  3 draconian knights
  9 azure jellies
  2 draconian stormcallers
  A vault warden (Vaults:1)
  A stone giant (Vaults:3)
  A draconian scorcher (Zot:3)
  4 ironheart preservers
  2 jiangshi (Crypt:2)
  A black draconian (Zot:1)
  A green draconian (Zot:3)
  A white draconian (Zot:1)
  A deep elf demonologist (Vaults:1)
  A deep elf annihilator (Vaults:1)
  2 red draconians (Zot:4)
  A dire elephant (Vaults:2)
  2 eidola
  A fire dragon (Vaults:3)
  A yaktaur captain (Vaults:2)
  2 rakshasas
  9 vault guards (Vaults:3)
  2 hydras
  An ice dragon (Vaults:2)
  A spriggan air mage (Forest:3)
  A juggernaut simulacrum (Vaults:3)
  4 death oozes (Slime:5)
  A satyr (Forest:2)
  An alligator (Swamp:3)
  4 centaur warriors
  A phantasmal warrior (Crypt:2)
  A wizard (Vaults:1)
  2 deep elf magi (Vaults:1)
  2 ugly things
  2 moths of wrath (Zot:5)
  A will-o'-wisp (Lair:4)
  5 yaktaurs
  3 hornets
  4 slime creatures
  A spriggan (Swamp:1)
  2 wraiths (Vaults:1)
  A water moccasin (D:6)
  A sky beast (D:6)
  2 ogres
  An elephant zombie (Lair:6)
  A snapping turtle skeleton (Crypt:1)
  A scorpion (D:11)
  A spriggan skeleton (Crypt:2)
  An iguana (D:6)
  A leopard gecko (D:6)
  An orc (Orc)
  2 briar patches (Swamp:1)
  5 bushes
  19 fungi
  100 plants
  14 withered plants
250 creatures vanquished.

Grand Total: 2422 creatures vanquished

Notes
Turn   | Place    | Note
-------+----------+-------------------------------------------
     0 | D:1      | Grijm the Draconian Monk began the quest for the Orb.
     0 | D:1      | Reached XP level 1. HP: 19/19 MP: 2/2
   144 | D:1      | Reached XP level 2. HP: 25/26 MP: 3/3
   961 | D:2      | Reached XP level 3. HP: 33/33 MP: 4/4
  1021 | D:2      | Reached skill level 4 in Fighting
  1028 | D:2      | Found a radiant altar of Vehumet.
  1576 | D:3      | Reached XP level 4. HP: 34/40 MP: 5/5
  1667 | D:3      | Reached skill level 1 in Slings
  1915 | D:3      | Reached XP level 5. HP: 40/46 MP: 3/6
  2055 | D:3      | Noticed Terence
  2063 | D:3      | Killed Terence
  2064 | D:3      | Reached skill level 5 in Staves
  2513 | D:4      | Reached XP level 6. HP: 49/52 MP: 7/7
  2554 | D:4      | Found a blossoming altar of Fedhas.
  3100 | D:3      | Found a sparkling altar of Nemelex Xobeh.
  3124 | D:5      | Entered Level 5 of the Dungeon
  3246 | D:5      | Reached skill level 5 in Fighting
  3246 | D:5      | Your scales start taking on a golden yellow colour.
  3246 | D:5      | Reached XP level 7. HP: 61/61 MP: 8/8
  3656 | D:5      | Reached skill level 6 in Fighting
  4008 | D:6      | Reached skill level 1 in Evocations
  4008 | D:6      | Reached XP level 8. HP: 70/70 MP: 9/9
  4012 | D:6      | Found a staircase to the Ecumenical Temple.
  4040 | Temple   | Entered the Ecumenical Temple
  4084 | Temple   | Became a worshipper of Ru the Awakened
  4092 | Temple   | Gained mutation: You are somewhat unskilled. (-1 Apt) [Ru
                  | sacrifice]
  4092 | Temple   | Reduced skill Fighting to level 5
  4092 | Temple   | Reduced skill Slings to level 1
  4092 | Temple   | Reduced skill Stealth to level 1
  4092 | Temple   | Reduced skill Evocations to level 1
  4092 | Temple   | Reached * piety under Ru
  4092 | Temple   | Reached ** piety under Ru
  4123 | D:6      | Noticed Pikel
  4138 | D:6      | Killed Pikel
  4139 | D:6      | Reached skill level 6 in Fighting
  4218 | D:6      | Found Xuaf's General Store.
  4763 | D:6      | Found the +16 sapphire dagger {flash freeze, rF- rC++ MR+}
  4812 | D:6      | Found a burning altar of Makhleb.
  4813 | D:6      | Found an opulent altar of Gozag.
  4893 | D:7      | Reached skill level 5 in Evocations
  4893 | D:7      | Reached XP level 9. HP: 75/75 MP: 12/12
  4954 | D:7      | Reached skill level 1 in Short Blades
  5266 | D:7      | Reached skill level 7 in Fighting
  5950 | D:7      | Found a hide-covered altar of Uskayaw.
  6112 | D:7      | Reached skill level 8 in Fighting
  6357 | D:8      | Reached skill level 9 in Fighting
  6450 | D:8      | Found a snail-covered altar of Cheibriados.
  6498 | D:8      | Noticed a troll
  6508 | D:8      | Killed a troll
  6509 | D:8      | Reached XP level 10. HP: 77/91 MP: 11/13
  6860 | D:8      | Reached skill level 10 in Fighting
  6863 | D:8      | Noticed an elephant
  7103 | D:8      | Found a staircase to the Lair.
  7291 | Lair:1   | Entered Level 1 of the Lair of Beasts
  7397 | Lair:1   | Gained mutation: You cannot study or cast Ice magic. [Ru
                  | sacrifice]
  7397 | Lair:1   | Gained mutation: You cannot study or cast Hexes magic. [Ru
                  | sacrifice]
  7397 | Lair:1   | Gained mutation: You cannot study or cast Charms magic. [Ru
                  | sacrifice]
  7397 | Lair:1   | Reached *** piety under Ru
  7440 | Lair:1   | Reached skill level 5 in Short Blades
  7670 | Lair:1   | Reached skill level 5 in Dodging
  7748 | Lair:1   | Got a scintillating ivory ring
  7750 | Lair:1   | Identified the ring "Anaisis" {+Fly SInv} (You found it on
                  | level 1 of the Lair of Beasts)
  8219 | Lair:2   | Noticed an eight-headed hydra
  8313 | Lair:2   | Noticed a cane toad
  8321 | Lair:2   | Killed a cane toad
  8537 | Lair:2   | Reached XP level 11. HP: 99/99 MP: 14/14
  8541 | Lair:2   | Killed an eight-headed hydra
  8841 | Lair:2   | Noticed a six-headed hydra
  8848 | Lair:2   | Killed a six-headed hydra
  9481 | Lair:3   | Reached skill level 10 in Short Blades
  9815 | Lair:3   | Got a jewelled scimitar
 10659 | Lair:4   | Noticed a lindwurm
 10675 | Lair:4   | Noticed a lindwurm
 10782 | Lair:4   | Reached XP level 12. HP: 106/106 MP: 15/15
 10796 | Lair:4   | Found a dark tunnel.
 10807 | Volcano  | Entered a volcano
 11102 | Volcano  | Found a radiant altar of Vehumet.
 11458 | Lair:4   | Found a staircase to the Snake Pit.
 11934 | Lair:4   | Noticed a six-headed hydra
 11936 | Lair:4   | Noticed a five-headed hydra
 11945 | Lair:4   | Killed a six-headed hydra
 11991 | Lair:4   | Killed a five-headed hydra
 12024 | Lair:4   | Found a staircase to the Swamp.
 12143 | Lair:4   | Reached skill level 10 in Dodging
 12691 | Lair:5   | Reached skill level 10 in Staves
 12841 | Lair:5   | Noticed Josephine
 12859 | Lair:5   | Killed Josephine
 12951 | Lair:5   | Noticed a six-headed hydra
 12960 | Lair:5   | Killed a six-headed hydra
 12961 | Lair:5   | Reached XP level 13. HP: 106/113 MP: 14/16
 13416 | Lair:6   | Entered Level 6 of the Lair of Beasts
 13648 | Lair:4   | Got a masterwork hat
 13659 | Lair:4   | Identified the cursed +0 hat "Mebiuple" {rN+ Int+4} (You
                  | found it on level 4 of the Lair of Beasts)
 14219 | Lair:6   | Noticed Rupert
 14225 | Lair:6   | Gained mutation: You are missing an eye, making it more
                  | difficult to aim. [Ru sacrifice]
 14435 | Lair:6   | Noticed a dire elephant
 14458 | Lair:6   | Noticed a dire elephant
 14473 | Lair:6   | Noticed a dire elephant
 14502 | Lair:6   | Killed a dire elephant
 14616 | Lair:6   | Killed Rupert
 15172 | Lair:6   | Gained mutation: You have acidic saliva. [Yellow Draconian
                  | growth]
 15172 | Lair:6   | Reached XP level 14. HP: 76/121 MP: 13/17
 16003 | Lair:6   | Noticed an apis
 16003 | Lair:6   | Noticed an apis
 16023 | Lair:6   | Killed an apis
 16026 | Lair:6   | Noticed an apis
 16060 | Lair:5   | Killed an apis
 16265 | Lair:6   | Noticed an apis
 16283 | Lair:6   | Killed an apis
 16284 | Lair:6   | Reached skill level 11 in Fighting
 16371 | Lair:6   | Killed an apis
 16502 | Lair:6   | Found a staircase to the Spriggan Forest.
 17520 | D:9      | Found an ornate altar of the Wu Jian Council.
 17525 | D:9      | Found a stormy altar of Qazlal.
 17557 | D:9      | Found a shimmering blue altar of Sif Muna.
 17748 | D:9      | Found a shattered altar of Ashenzari.
 17786 | D:9      | Gained mutation: You are somewhat inexperienced. (-2 XL)
                  | [Ru sacrifice]
 17786 | D:9      | Reached XP level 13. HP: 88/116 MP: 16/18
 17786 | D:9      | Reached XP level 12. HP: 88/110 MP: 16/17
 17786 | D:9      | Reached **** piety under Ru
 17786 | D:9      | Reached ***** piety under Ru
 17993 | D:10     | Entered Level 10 of the Dungeon
 18175 | D:10     | Found Efupott's Distillery.
 18189 | D:10     | Bought 2 potions of ambrosia for 112 gold pieces
 18189 | D:10     | Bought a potion of haste for 140 gold pieces
 18189 | D:10     | Bought a potion of haste for 140 gold pieces
 19289 | D:11     | Noticed Sonja
 19299 | D:11     | Killed Sonja
 19327 | D:11     | Noticed a seven-headed hydra
 19337 | D:11     | Killed a seven-headed hydra
 19338 | D:11     | Reached skill level 12 in Fighting
 19382 | D:11     | Found Nejonn's Armour Shop.
 19405 | D:11     | Found a staircase to the Orcish Mines.
 19416 | D:11     | Found Yjoilu's Weapon Shop.
 19430 | D:11     | Reached XP level 13. HP: 112/118 MP: 19/19
 19449 | D:11     | Found Tuin's General Store.
 19475 | D:11     | Bought a potion of haste for 110 gold pieces
 19475 | D:11     | Bought a scroll of amnesia for 38 gold pieces
 19475 | D:11     | Bought a scroll of identify for 22 gold pieces
 19482 | D:11     | Reached skill level 1 in Crossbows
 19678 | D:11     | Identified the +5 short sword "Sarcophage" {pierce, rF+
                  | Str-4 Dex+3 Stlth+}
 20005 | D:11     | Found a snail-covered altar of Cheibriados.
 20007 | D:11     | Identified 3 scrolls of acquirement
 20009 | D:11     | Identified the -1 cloak of Inevitability {+Inv rF++ rCorr
                  | Str-4} (You acquired it on level 11 of the Dungeon)
 20009 | D:11     | Identified the amulet "Suetez" {Gourm rPois Stlth+} (You
                  | acquired it on level 11 of the Dungeon)
 20022 | D:11     | Identified the +1 rapier of the Ecumenical Temple {pierce,
                  | MR+ Str+3} (You acquired it on level 11 of the Dungeon)
 20022 | D:11     | Identified the amulet "Gicic" {Reflect rC+ Str+6 Dex-3
                  | SH+5} (You acquired it on level 11 of the Dungeon)
 20029 | D:11     | Identified the +0 hat of the Eleven Emperors {rN+ SInv}
                  | (You acquired it on level 11 of the Dungeon)
 20029 | D:11     | Identified the ring of Adusy {rC+ Str+2 Dex+7} (You
                  | acquired it on level 11 of the Dungeon)
 20854 | D:12     | Entered Level 12 of the Dungeon
 21007 | D:12     | Noticed Azrael
 21036 | D:12     | Killed Azrael
 21548 | D:12     | Reached skill level 10 in Evocations
 21879 | D:12     | Reached skill level 5 in Crossbows
 21989 | D:12     | Found a blossoming altar of Fedhas.
 22038 | D:12     | Reached XP level 14. HP: 111/126 MP: 21/21
 22108 | D:12     | Noticed an eye of devastation
 22108 | D:12     | a sea snake changed into an eye of devastation
 22113 | D:12     | an eye of devastation changed into an elephant
 22237 | D:12     | Found a staircase to the Depths.
 22392 | D:12     | Found a gate to the Vaults.
 22896 | D:12     | Found a portal to a secret trove of treasure.
 23073 | Orc      | Entered the Orcish Mines
 23472 | Orc      | Noticed an orc warlord
 23478 | Orc      | Noticed Jorgrun
 23527 | Orc      | Killed an orc warlord
 23531 | Orc      | Found Wonih's Jewellery Shop.
 23552 | Orc      | Killed Jorgrun
 23713 | Orc      | Found Suena's Armour Shoppe.
 23931 | Orc      | Found Huissiz's Antique Armour Boutique.
 24049 | Orc      | Found a roughly hewn altar of Beogh.
 24131 | Orc      | Found Joegecw's Antique Weapon Shoppe.
 24241 | Orc      | Found Adimuovu's General Store.
 24249 | Orc      | Bought a scroll of noise for 14 gold pieces
 24383 | Orc      | Found a viscous altar of Jiyva.
 24384 | Orc      | Found a staircase to the Slime Pits.
 24433 | Orc      | Bought a +0 pair of boots for 49 gold pieces
 24449 | Orc      | Bought the ring "Zaf Biep" {rPois rN+ Int-5 Dex+4 Stlth++}
                  | for 454 gold pieces
 24655 | Snake:1  | Entered Level 1 of the Snake Pit
 24721 | Snake:1  | Noticed Donald
 24892 | Snake:1  | Noticed Agnes
 24918 | Snake:1  | Killed Agnes
 25331 | Snake:1  | Killed Donald
 25729 | Snake:2  | Noticed Kirke
 25865 | Snake:2  | Noticed Vashnia
 25876 | Snake:2  | Killed Vashnia
 25877 | Snake:2  | Reached XP level 15. HP: 75/132 MP: 13/22
 26411 | Snake:2  | Killed Kirke
 27236 | Snake:2  | Noticed a nagaraja
 27265 | Snake:2  | Killed a nagaraja
 27336 | Snake:2  | Gained mutation: You are weak. (Str -2) [Ru sacrifice]
 27336 | Snake:2  | Reached ****** piety under Ru
 27724 | Snake:3  | Entered Level 3 of the Snake Pit
 27969 | Snake:3  | Reached skill level 15 in Staves
 28819 | Snake:3  | Noticed a nagaraja
 28851 | Snake:3  | Killed a nagaraja
 28916 | Snake:3  | Noticed a nagaraja
 28939 | Snake:3  | Killed a nagaraja
 29063 | Snake:3  | Reached XP level 16. HP: 95/139 MP: 24/24
 29781 | Snake:3  | Noticed Aizul
 29809 | Snake:3  | Killed Aizul
 29906 | Snake:3  | Reached skill level 10 in Crossbows
 29965 | Snake:3  | Got a serpentine rune of Zot
 30032 | Snake:3  | Found a runed translucent gate.
 30033 | Snake:3  | Found a runed translucent gate.
 30034 | Snake:3  | Found a runed translucent gate.
 30040 | Snake:3  | Noticed zoran's ghost (adept DsTm)
 30199 | Snake:3  | Found Liawk's Jewellery Shop.
 30199 | Snake:3  | Found Oveloj's Gadget Emporium.
 30200 | Snake:3  | Found Qiydweshrev's Jewellery Shop.
 30215 | Snake:3  | Bought the ring "Luigamal" {rF+ MR+ Int+6} for 774 gold
                  | pieces
 30355 | Swamp:1  | Entered Level 1 of the Swamp
 31317 | Swamp:1  | Reached skill level 5 in Stealth
 31326 | Swamp:1  | Noticed a thorn hunter
 31341 | Swamp:1  | Noticed Frances
 31998 | Swamp:1  | Killed Frances
 32115 | Swamp:2  | Noticed a thorn hunter
 32134 | Swamp:2  | Killed a thorn hunter
 32269 | Swamp:2  | Found a frozen archway.
 32278 | IceCv    | Entered an ice cave
 33099 | IceCv    | Noticed an Ice Fiend
 33110 | IceCv    | Killed an Ice Fiend
 33118 | IceCv    | Identified the +9 trident of Imbalance {flame, Dex+2}
 33194 | Swamp:2  | Reached XP level 17. HP: 139/146 MP: 17/26
 34441 | Swamp:3  | Entered Level 3 of the Swamp
 34443 | Swamp:3  | Found a runed translucent door.
 34444 | Swamp:3  | Noticed yrara's ghost (adept DsFi)
 34507 | Swamp:3  | Reached skill level 10 in Stealth
 35234 | Swamp:3  | Reached skill level 13 in Fighting
 36286 | Swamp:3  | Reached skill level 14 in Fighting
 36453 | Swamp:3  | Got a decaying rune of Zot
 36932 | Vaults:1 | Entered Level 1 of the Vaults
 37427 | Vaults:1 | Found Noagg's Armour Shop.
 37725 | Vaults:1 | Reached skill level 15 in Fighting
 37858 | Vaults:1 | Reached XP level 18. HP: 105/163 MP: 18/27
 39960 | Vaults:2 | Found Raame's Weapon Boutique.
 41684 | Vaults:2 | Noticed Zenata
 41839 | Vaults:2 | Killed Zenata
 42217 | Vaults:2 | Reached XP level 19. HP: 170/170 MP: 26/28
 42470 | Vaults:2 | Found a staircase to the Crypt.
 42894 | Vaults:2 | Reached skill level 15 in Stealth
 43642 | Crypt:1  | Entered Level 1 of the Crypt
 44527 | Crypt:1  | Identified the +1 dagger "Qalor" {pierce, Str+3}
 46103 | Crypt:2  | Entered Level 2 of the Crypt
 46278 | Crypt:2  | Found a staircase to the Tomb.
 49005 | Crypt:2  | Reached XP level 20. HP: 152/176 MP: 29/29
 50280 | Crypt:2  | Found a runed translucent door.
 50281 | Crypt:2  | Noticed yrara's ghost (veteran DsFi)
 50621 | Crypt:2  | Noticed a bone dragon
 50688 | Crypt:1  | Killed a bone dragon
 50882 | Crypt:2  | Noticed a curse toe
 50899 | Crypt:2  | Identified the +1 pair of boots of Ruympiy {rCorr}
 50922 | Crypt:2  | Found an ancient bone altar of Kikubaaqudgha.
 50925 | Crypt:2  | Identified Borgnjor's Reference Book on Necromancy
 50930 | Crypt:2  | Found a basalt altar of Yredelemnul.
 50945 | Crypt:2  | Killed a curse toe
 51094 | Crypt:2  | Identified the Reference Book on Ashen Moulding
 51525 | Forest:1 | Entered Level 1 of the Spriggan Forest
 52466 | Forest:1 | Found a bloodstained altar of Trog.
 54180 | Forest:2 | Identified the +11 halberd of the Desolation of Salt
                  | {freeze, Str+6}
 54693 | Forest:2 | Identified the ring "Umi Zein" {+Fly rC+}
 55594 | Forest:3 | Entered Level 3 of the Spriggan Forest
 55645 | Forest:3 | Identified the +9 rapier "Cookie Cutter" {holy, SInv}
 55647 | Forest:3 | Reached skill level 1 in Polearms
 55759 | Forest:3 | Identified the cursed +1 flail of Hicauj {chaos, Int+3}
 56440 | Forest:3 | Reached XP level 21. HP: 39/184 MP: 22/30
 57237 | Forest:3 | Reached skill level 5 in Polearms
 58403 | Forest:3 | Identified the +6 flail of War {venom, MR+}
 59624 | Forest:3 | Identified the +3 whip "Oboet" {drain, rElec Str+2 Dex+2
                  | SInv}
 60103 | Depths:1 | Entered Level 1 of the Depths
 60264 | Depths:1 | Noticed Mara
 60271 | Depths:1 | Noticed Grijm's illusion
 60287 | Depths:1 | Found a one-way gate leading to the halls of Pandemonium.
 60301 | Depths:1 | Killed Mara
 60302 | Depths:1 | Reached skill level 15 in Crossbows
 61699 | Depths:1 | Found a gateway to Hell.
 61734 | Depths:1 | Found the +7 lajatang of Order {silver, rMut}
 62188 | Depths:2 | Noticed a caustic shrike
 62206 | Depths:2 | Found a one-way gate to the infinite horrors of the Abyss.
 62569 | Depths:2 | Noticed a golden dragon
 62773 | Depths:2 | Noticed a Killer Klown
 62796 | Depths:2 | Killed a Killer Klown
 62886 | Depths:2 | Reached XP level 22. HP: 192/192 MP: 28/31
 63029 | Depths:2 | Killed a golden dragon
 63529 | Depths:2 | Identified the amulet of Bukenkys {RegenMP rC+}
 63906 | Depths:2 | Noticed a caustic shrike
 63906 | Depths:2 | Noticed a caustic shrike
 63907 | Depths:2 | Noticed a caustic shrike
 63908 | Depths:2 | Noticed a caustic shrike
 63911 | Depths:2 | Killed a caustic shrike
 63913 | Depths:2 | Killed a caustic shrike
 63914 | Depths:2 | Killed a caustic shrike
 63916 | Depths:2 | Killed a caustic shrike
 63921 | Depths:2 | Killed a caustic shrike
 65692 | Depths:3 | Identified the +9 flail of Traps {elec, Int+3}
 66830 | Depths:4 | Found a gateway to a ziggurat.
 66831 | Depths:4 | Noticed Mennas
 66836 | Depths:4 | Noticed Jory
 67364 | Depths:4 | Found a transporter.
 67365 | Depths:4 | Killed Mennas
 67366 | Depths:4 | Found a corrupted altar of Lugonu.
 67463 | Depths:4 | Killed Jory
 68214 | Depths:4 | Found a transporter.
 68231 | Depths:4 | Noticed a Killer Klown
 68245 | Depths:4 | Killed a Killer Klown
 68384 | Depths:5 | Entered Level 5 of the Depths
 68492 | Depths:4 | Reached XP level 23. HP: 131/200 MP: 32/32
 70443 | Depths:5 | Found a gate to the Realm of Zot.
 70464 | Depths:5 | Reached skill level 16 in Fighting
 71120 | Slime:1  | Entered Level 1 of the Pits of Slime
 74897 | Slime:3  | Reached skill level 17 in Fighting
 77406 | Slime:5  | Entered Level 5 of the Pits of Slime
 78585 | Slime:5  | Noticed the Royal Jelly
 78602 | Slime:5  | Killed the Royal Jelly
 78908 | Slime:5  | Reached XP level 24. HP: 203/216 MP: 32/32
 79133 | Slime:5  | Identified the cursed amulet "Xiyr Ciga" {Inacc Str-3
                  | Dex+6}
 79136 | Slime:5  | Got a slimy rune of Zot
 79141 | Slime:5  | Identified the +1 spear "Keegoan" {flame, Str+3 SInv
                  | Stlth+}
 79160 | Slime:5  | Identified the ring of Midsummer {rF+ rN+ Dex+3 SInv
                  | Stlth+}
 79199 | Slime:5  | Identified the Incunabulum of the Dusty Glacier
 79203 | Slime:5  | Identified the cursed +1 war axe of Greed {vamp, *Rage rF+
                  | rN+ Dex+3}
 79314 | Slime:5  | Identified Sif Muna's Reference Book on Creative Envenoming
 80365 | Vaults:3 | Entered Level 3 of the Vaults
 80368 | Vaults:3 | Reached skill level 18 in Fighting
 80463 | Vaults:2 | Killed the ghostly Zenata
 80571 | Vaults:3 | Noticed a juggernaut
 80577 | Vaults:3 | Killed a juggernaut
 81033 | Vaults:2 | Found a staircase to the Crypt.
 81334 | Vaults:3 | Reached skill level 15 in Dodging
 81464 | Vaults:3 | Reached skill level 19 in Fighting
 81472 | Vaults:3 | Noticed a juggernaut
 81852 | Vaults:3 | Identified the +3 shortbow "Ruryram" {velocity, rElec}
 82050 | Vaults:3 | Identified the +3 quarterstaff "Atet" {freeze, rElec}
 82255 | Vaults:3 | Identified the Guide on the Snowflakes
 82410 | Vaults:3 | Killed a juggernaut
 82650 | Vaults:3 | Reached XP level 25. HP: 223/231 MP: 32/32
 83261 | Vaults:3 | Identified the cursed ring of Doubt {Ice rElec rN+ MP+9
                  | Dex-4}
 83278 | Vaults:3 | Reached skill level 20 in Fighting
 83612 | Vaults:3 | Found Idghat Minka's General Store.
 83626 | Vaults:3 | Bought a ration for 95 gold pieces
 83626 | Vaults:3 | Bought a ration for 95 gold pieces
 83701 | Vaults:3 | Identified the +5 ring mail of Fudwipn {rElec}
 83705 | Vaults:3 | Got a silver rune of Zot
 84206 | Vaults:3 | Identified the +8 arbalest "Fennababo" {freeze, rF- rC++
                  | Str-5 SInv} (You acquired it on level 3 of the Vaults)
 84206 | Vaults:3 | Identified the ring "Cyustidua" {rPois Str+3 Dex+2 Stlth+}
                  | (You acquired it on level 3 of the Vaults)
 84436 | Zot:1    | Entered Level 1 of the Realm of Zot
 85352 | Zot:1    | Identified the +4 dragonskin cloak
 85352 | Zot:1    | Noticed Tiamat
 85634 | Zot:1    | Noticed a golden dragon
 85651 | Zot:1    | Killed a golden dragon
 85826 | Zot:1    | Reached skill level 21 in Fighting
 85826 | Zot:1    | Killed Tiamat
 86220 | Zot:1    | Identified the +8 chain mail "Ynahouv" {Slay+3}
 87834 | Zot:2    | Noticed a golden dragon
 87959 | Zot:2    | Killed a golden dragon
 88938 | Zot:3    | Noticed a Killer Klown
 89100 | Zot:3    | Noticed a golden dragon
 89520 | Zot:3    | Reached skill level 22 in Fighting
 90007 | Zot:3    | Killed a golden dragon
 90642 | Zot:3    | Noticed a golden dragon
 90650 | Zot:3    | Killed a golden dragon
 90654 | Zot:3    | Noticed a Killer Klown
 90667 | Zot:3    | Killed a Killer Klown
 90922 | Zot:3    | Killed a Killer Klown
 91068 | Zot:3    | Noticed a golden dragon
 91075 | Zot:3    | Killed a golden dragon
 92691 | Zot:4    | Reached skill level 23 in Fighting
 92926 | Zot:4    | Noticed a Killer Klown
 92946 | Zot:4    | Noticed a Killer Klown
 92963 | Zot:4    | Killed a Killer Klown
 92974 | Zot:4    | Killed a Killer Klown
 93946 | Zot:5    | Entered Level 5 of the Realm of Zot
 94961 | Zot:5    | Identified the amulet of Fikkuv {Inacc Dex+2}
 95075 | Zot:5    | Noticed an orb of fire
 95085 | Zot:5    | Noticed an orb of fire
 95088 | Zot:5    | Noticed an ancient lich
 95092 | Zot:5    | Killed an orb of fire
 95102 | Zot:5    | Killed an orb of fire
 95109 | Zot:5    | Killed an ancient lich
 96275 | Zot:5    | Reached skill level 24 in Fighting
 96290 | Zot:5    | Noticed a golden dragon
 96299 | Zot:5    | Killed a golden dragon
 96594 | Zot:5    | Noticed an ancient lich
 96602 | Zot:5    | Killed an ancient lich
 96615 | Zot:5    | Noticed an ancient lich
 96627 | Zot:5    | Killed an ancient lich
 96839 | Zot:5    | Noticed an orb of fire
 96841 | Zot:5    | Gained mutation: Your magical capacity is low. (-10% MP)
                  | [an orb of fire]
 96841 | Zot:5    | Gained mutation: Your spells are a little easier to cast,
                  | but a little less powerful. [an orb of fire]
 96865 | Zot:5    | Killed an orb of fire
 97025 | Zot:5    | Noticed a golden dragon
 97035 | Zot:5    | Noticed a Killer Klown
 97038 | Zot:5    | Noticed an orb of fire
 97047 | Zot:5    | Gained mutation: You tend to lose your temper in combat.
                  | [an orb of fire]
 97062 | Zot:5    | Noticed an orb of fire
 97355 | Zot:5    | Killed a Killer Klown
 97439 | Zot:5    | Gained mutation: Your large and strong wings let you fly
                  | indefinitely. [an orb of fire]
 97456 | Zot:5    | Killed an orb of fire
 97705 | Zot:5    | Killed a golden dragon
 97953 | Zot:5    | Noticed an orb of fire
 97970 | Zot:5    | Gained mutation: Your spells are easier to cast, but less
                  | powerful. [an orb of fire]
 97976 | Zot:5    | Killed an orb of fire
 97982 | Zot:5    | Killed an orb of fire
 98574 | Zot:5    | Noticed a Killer Klown
 98599 | Zot:5    | Killed a Killer Klown
 98617 | Zot:5    | HP: 10/247 [yellow draconian knight/+4 great sword of
                  | freezing (43)]
 98843 | Zot:5    | Noticed an ancient lich
 98899 | Zot:5    | Killed an ancient lich
 99676 | Zot:5    | Noticed an orb of fire
 99833 | Zot:5    | Noticed an ancient lich
 99890 | Zot:5    | Noticed an orb of fire
 99913 | Zot:5    | Killed an orb of fire
 99987 | Zot:5    | Noticed an ancient lich
100003 | Zot:5    | Killed an ancient lich
100015 | Zot:5    | Killed an orb of fire
100037 | Zot:5    | Killed an ancient lich
100038 | Zot:5    | Reached skill level 25 in Fighting
100309 | Zot:5    | Noticed an ancient lich
100311 | Zot:5    | Killed an ancient lich
102330 | Zot:5    | Got the Orb of Zot
102888 | D:7      | Noticed a seraph
102921 | D:2      | Noticed Jilelo Jiaf the pandemonium lord
102936 | D:2      | Noticed Zollual the pandemonium lord
103003 | D:$      | Escaped with the Orb!

Skill      XL: |  1  2  3  4  5  6  7  8  9 10 11 12 13 14 15 16 17 18 19 20 21 22 23 24 25 |
---------------+----------------------------------------------------------------------------+-----
Dodging        | 3 3 5 7 10 11 13 15 21 | 21.6
Fighting       | 4 5 6 6 9 10 12 11 15 17 19 25 | 25.7
Staves         | 4 6 8 8 10 14 15 | 15.2
Slings         | 1 2 2 |  2.0
Evocations     | 1 5 8 10 7 11 12 | 12.0
Stealth        | 2 9 11 14 15 | 15.0
Short Blades   | 4 7 10 11 12 14 | 14.0
Crossbows      | 5 7 9 10 14 15 18 | 18.0
Polearms       | 4 8 |  8.7
Invocations    | |  2.0

Action                   |  1- 3 |  4- 6 |  7- 9 | 10-12 | 13-15 | 16-18 | 19-21 | 22-24 | 25-27 || total
-------------------------+-------+-------+-------+-------+-------+-------+-------+-------+-------++-------
Melee: Quarterstaff      |    81 |   106 |   110 |   215 |   144 |    28 |    38 |       |       ||   722
       Tailslap          |     9 |    14 |    32 |    96 |   313 |   271 |   328 |   173 |   193 ||  1429
       Dagger            |       |       |    90 |   459 |  1647 |  1290 |  1783 |   807 |   643 ||  6719
       Bite              |       |       |       |    25 |   176 |   217 |   268 |   155 |   166 ||  1007
       Staff             |       |       |       |       |    16 |       |       |       |       ||    16
       Halberd           |       |       |       |       |       |       |   151 |       |       ||   151
       Lajatang          |       |       |       |       |       |       |    44 |   102 |   484 ||   630
       Rapier            |       |       |       |       |       |       |    24 |    82 |       ||   106
 Fire: Hunting sling     |    48 |    72 |   141 |   211 |    43 |       |       |       |       ||   515
       Hand crossbow     |       |       |       |     8 |   458 |   568 |       |       |       ||  1034
       Fustibalus        |       |       |       |     2 |       |       |       |       |       ||     2
       Arbalest          |       |       |       |       |       |       |   392 |   754 |   727 ||  1873
       Blowgun           |       |       |       |       |       |       |       |     5 |       ||     5
Throw: Stone             |       |       |     1 |       |       |       |       |       |       ||     1
       Tomahawk          |       |       |     9 |    31 |    44 |    24 |    46 |     4 |       ||   158
       Throwing net      |       |       |       |       |       |       |       |       |     3 ||     3
Invok: Sacrifice Skill   |       |       |     1 |       |       |       |       |       |       ||     1
       Sacrifice Arcana  |       |       |       |     1 |       |       |       |       |       ||     1
       Reject Sacrifices |       |       |       |     1 |     1 |       |       |       |       ||     2
       Power Leap        |       |       |       |     2 |    15 |     8 |    30 |    18 |     3 ||    76
       Sacrifice Experie |       |       |       |     1 |       |       |       |       |       ||     1
       Apocalypse        |       |       |       |       |     8 |     8 |    12 |     9 |    14 ||    51
       Draw Out Power    |       |       |       |       |     3 |     3 |     2 |       |     2 ||    10
       Sacrifice an Eye  |       |       |       |       |     1 |       |       |       |       ||     1
       Sacrifice Purity  |       |       |       |       |     1 |       |       |       |       ||     1
 Abil: Breathe Acid      |       |       |    10 |    19 |    15 |     8 |     9 |     3 |     3 ||    67
       Evoke Invisibilit |       |       |       |       |     2 |    11 |    10 |    41 |    40 ||   104
       Evoke Flight      |       |       |       |       |       |     1 |     2 |     1 |       ||     4
       Stop Flying       |       |       |       |       |       |       |     1 |     1 |       ||     2
Evoke: Wand              |       |       |       |    11 |     9 |    22 |     8 |     4 |    20 ||    74
       Lamp of fire      |       |       |       |       |       |       |       |       |     3 ||     3
       Box of beasts     |       |       |       |       |       |       |       |       |     3 ||     3
       Fan of gales      |       |       |       |       |       |       |       |       |     2 ||     2
       Phial of floods   |       |       |       |       |       |       |       |       |     1 ||     1
       Phantom mirror    |       |       |       |       |       |       |       |       |     1 ||     1
  Use: Scroll            |     2 |     5 |     2 |     8 |    19 |     8 |     8 |    11 |    17 ||    80
       Potion            |       |       |       |       |     8 |     4 |     3 |     3 |    18 ||    36
 Stab: Sleeping          |     4 |       |     1 |     4 |     3 |    13 |    10 |     9 |    12 ||    56
       Distracted        |       |       |     1 |     1 |     5 |     5 |    17 |     2 |     7 ||    38
       Invisible         |       |       |       |     1 |    18 |    37 |    53 |    93 |    96 ||   298
       Paralysed         |       |       |       |       |    12 |    13 |    20 |    11 |    15 ||    71
       Held in net/web   |       |       |       |       |       |       |       |       |     2 ||     2
  Eat: Chunk             |     6 |    10 |    22 |    32 |    58 |    38 |    52 |    37 |    23 ||   278
       Ration            |       |       |       |     5 |     8 |    12 |    17 |    19 |    26 ||    87
Armor: Skin              |    17 |    11 |    52 |    73 |   183 |   204 |   266 |   134 |   133 ||  1073
Dodge: Dodged            |    56 |    79 |   143 |   328 |   763 |   457 |   656 |   442 |   580 ||  3504
Block: Other             |       |       |       |       |    78 |   125 |   206 |    97 |    87 ||   593
       Reflection        |       |       |       |       |    17 |    11 |     8 |     7 |     1 ||    44
